 Dungeon Crawl Stone Soup version 0.29.0-11-gd7f09526c8 (console) character file.

Game seed: 9291977319266447120

228 Olga the Grave Robber (level 6, -1/36 HPs)
             Began as an Octopode Necromancer on Sept 3, 2022.
             Slain by a bullfrog zombie (4 damage)
             ... in an ossuary.
             The game lasted 00:08:01 (4433 turns).

Olga the Grave Robber (Octopode Necromancer)        Turns: 4433, Time: 00:08:01

Health: -1/36      AC:  1    Str:  7    XL:     6   Next: 2%
Magic:  11/11      EV: 13    Int: 17    God:
Gold:   239        SH:  4    Dex: 15    Spells: 8/12 levels left

rFire   + . .      SeeInvis .   a - staff of fire
rCold   . . .      Faith    +   d - +1 buckler
rNeg    . . .      Spirit   .   (helmet restricted)
rPois   .          Reflect  .   m - amulet of faith
rElec   .          Harm     .   e - ring of resist corrosion
rCorr   +          Rampage  .   (no ring)
Will    .....                   (no ring)
Stlth   ++++......              (no ring)
HPRegen 0.12/turn               (no ring)
MPRegen 0.12/turn               (no ring)
                                (no ring)
                                (no ring)

@: no status effects
A: almost no armour, amphibious, 8 rings, camouflage 1, gelatinous body 1,
(nimble swimmer 1), tentacles
a: no special abilities


You were in an ossuary.
You visited 1 branch of the dungeon, and saw 4 of its levels.
You also visited: Ossuary.

You collected 239 gold pieces.

Inventory:

Missiles
 g - 5 poisoned darts
Armour
 d - a +1 buckler (worn)
Magical Staves
 a - a staff of fire (weapon)
Jewellery
 e - a ring of resist corrosion (left tentacle)
 m - an amulet of faith (around mantle)
Wands
 i - a wand of charming (4)
Scrolls
 b - a scroll of enchant armour
 n - a scroll of teleportation
Potions
 c - a potion of attraction
 f - a potion of berserk rage {unknown}
 h - a potion of mutation {unknown}
 j - a potion of cancellation {unknown}
 k - a potion of magic
 l - 2 potions of might {unknown}


   Skills:
 + Level 3.0 Dodging
 + Level 4.2 Stealth
 * Level 3.5 Spellcasting
 * Level 5.2 Necromancy


You had 8 spell levels left.
You knew the following spells:

 Your Spells              Type           Power      Damage    Failure   Level
a - Necrotise             Necr           80%        1d8       2%          1
v - Vampiric Draining     Necr           20%        2d7       8%          3

Your spell library contained the following spells:

 Spells                   Type           Power      Damage    Failure   Level
 Animate Dead             Necr           20%        N/A       26%         4
 Agony                    Necr           20%        N/A       58%         5


Dungeon Overview and Level Annotations

Branches:
Dungeon (4/15)            Ossuary (1/1)
 Temple: D:4-7

Altars:

Shops:
D:1 ?[   D:4 *


Innate Abilities, Weirdness & Mutations

You cannot wear most types of armour.
You are amphibious.
You can wear up to eight rings at the same time.
Your skin changes colour to match your surroundings (Stealth+).
Your rubbery body absorbs attacks. (AC +1, EV +1)
((You are camouflaged when in or above water. (Stealth+)))
You have tentacles for arms and can constrict up to eight enemies at once.


Message History

The centaur zombie attacks as you move away!
The centaur zombie hits you. The centaur zombie kicks you.
The centaur zombie hits you. The centaur zombie closely misses you.
There is an open gate here.
The bullfrog zombie attacks as you move away!
You block the bullfrog zombie's attack. The bullfrog zombie barely misses you.
The bullfrog zombie attacks as you move away!
The bullfrog zombie hits you.
* * * LOW HITPOINT WARNING * * *
You are too injured to fight recklessly!
You hit the centaur zombie.
The centaur zombie is moderately damaged.
The centaur zombie misses you. You block the centaur zombie's attack.
The centaur zombie hits you.
* * * LOW HITPOINT WARNING * * *
The centaur zombie closely misses you. The bullfrog zombie barely misses you.
You hit the centaur zombie.
The centaur zombie is moderately damaged.
The centaur zombie barely misses you. The centaur zombie kicks you.
* * * LOW HITPOINT WARNING * * *
The bullfrog zombie hits you.
* * * LOW HITPOINT WARNING * * *
You block the centaur zombie's attack. The centaur zombie kicks you.
* * * LOW HITPOINT WARNING * * *
You hit the bullfrog zombie. Your grab misses the bullfrog zombie.
The bullfrog zombie is lightly damaged.
The bullfrog zombie barely misses you. The centaur zombie hits you.
* * * LOW HITPOINT WARNING * * *
The centaur zombie barely misses you. You block the bullfrog zombie's attack.
Unknown command.
You barely miss the bullfrog zombie. You grab the bullfrog zombie.
You tentacle-slap the bullfrog zombie.
You squeeze the bullfrog zombie, but do no damage.
The bullfrog zombie is lightly damaged.
You constrict the bullfrog zombie. The centaur zombie barely misses you.
The centaur zombie kicks you.
* * * LOW HITPOINT WARNING * * *
The bullfrog zombie barely misses you. The centaur zombie barely misses you.
The centaur zombie misses you. The bullfrog zombie hits you.
You die...

########## #########
##.......@# #........
##.......ZZ###........
##.........Z.'.........
#............'.........
#....8.......'.......8.
#...8#8....#####....8#8
#....8...### ##...8.
#.......## #....
#......## #... #......#
..


You could see a bullfrog zombie, an orc zombie and a centaur zombie.

Vanquished Creatures
  A bullfrog zombie (Ossuary)
  2 centaur zombies (Ossuary)
  A jelly (D:3)
  An ogre zombie (Ossuary)
  2 adders (D:2)
  3 adder zombies (Ossuary)
  A worm (D:2)
  2 dart slugs
  2 orcs
  4 ball pythons (D:1)
  2 endoplasms
  2 giant cockroaches
  5 goblins
  A hobgoblin (D:3)
  2 jackals (D:3)
  A quokka (D:1)
  2 bats
  2 frilled lizards
  A goblin zombie (Ossuary)
  5 kobolds
  6 orc zombies (Ossuary)
  6 rats
54 creatures vanquished.

Vanquished Creatures (collateral kills)
  An endoplasm (D:1)
  A frilled lizard (D:2)
2 creatures vanquished.

Grand Total: 56 creatures vanquished

Notes
Turn   | Place    | Note
-------+----------+-------------------------------------------
     0 | D:1      | Olga the Octopode Necromancer began the quest for the Orb.
     0 | D:1      | Reached XP level 1. HP: 11/11 MP: 3/3
   375 | D:1      | Found Plog's Magic Scroll Emporium.
   404 | D:1      | Reached XP level 2. HP: 12/17 MP: 0/5
  1017 | D:1      | Found Luggu's Antique Armour Shoppe.
  1385 | D:2      | Reached XP level 3. HP: 21/21 MP: 0/6
  2509 | D:3      | Reached XP level 4. HP: 27/27 MP: 4/8
  2513 | D:3      | Learned a level 3 spell: Vampiric Draining
  3233 | D:4      | Noticed a necrophage
  3248 | D:4      | Found Jurroo's Overcharged Wands.
  3257 | D:4      | Found a sand-covered staircase.
  3268 | Ossuary  | Entered an ossuary
  3323 | Ossuary  | Reached XP level 5. HP: 8/31 MP: 9/9
  3780 | Ossuary  | Reached skill level 5 in Necromancy
  4038 | Ossuary  | Reached XP level 6. HP: 3/36 MP: 11/11
  4433 | Ossuary  | Slain by a bullfrog zombie

Illustrated notes

Levels and vault maps discovered:
D:1:      spicycebolla_green_bress_n_ham, layout_loops_ring, serial_shops, shop,
          shop, minmay_indecisive_spiral
D:2:      layout_basic
D:3:      layout_basic
D:4:      minmay_evil_eye, layout_rooms, xom_butterflies,
          overflow_temple_1_default, gup_ossuary_entry_pyramid,
          nicolae_shop_overcharged_wands, uniq_blork_the_orc
Ossuary:  ossuary_hellmonk_silent_tomb

Skill      XL: |  1  2  3  4  5 |
---------------+----------------+-----
Stealth        | 3 4 |  4.2
Spellcasting   | 3 |  3.5
Necromancy     | 5 |  5.2
Dodging        | 3 |  3.0

Action                   |  1- 3 |  4- 6 || total
-------------------------+-------+-------++-------
Melee: Unarmed           |    14 |       ||    14
       Constrict         |     4 |    11 ||    15
       Tentacles         |     2 |    27 ||    29
       Punch             |     1 |     1 ||     2
       Staff             |       |    74 ||    74
 Cast: Necrotise         |    62 |    18 ||    80
Evoke: Wand              |       |     1 ||     1
  Use: Scroll            |     8 |       ||     8
 Stab: Sleeping          |       |     1 ||     1
Armor: Skin              |     3 |     8 ||    11
Dodge: Dodged            |    15 |    75 ||    90
Block: Buckler           |     1 |    22 ||    23
